 Seeded DCSS version 0.30-a0-845-g7c6808c8ce (webtiles) character file.

Game seed: 4290115023798346970 (custom seed)

537 demibob the Slicer (level 7, -1/40 HPs)
             Began as a Kobold Brigand on Mar 3, 2023.
             Slain by Pikel
             ... wielding a +2 whip of freezing
              (11 damage)
             ... on level 4 of the Dungeon.
             The game lasted 00:04:02 (3018 turns).

demibob the Slicer (Kobold Brigand)                 Turns: 3018, Time: 00:04:02

Health: -1/40      AC:  3    Str:  8    XL:     7   Next: 50%
Magic:  7/7        EV: 16    Int: 12    God:
Gold:   315        SH:  0    Dex: 19    Spells: 6/6 levels left

rFire   . . .      SeeInvis .    a - +5 quick blade (spect)
rCold   . . .      Faith    .    (no shield)
rNeg    . . .      Spirit   .    b - +0 robe
rPois   +          Reflect  .    (no helmet)
rElec   .          Rampage  .    c - +0 cloak
rCorr   .                        (no gloves)
Will    .....                    (no boots)
Stlth   +++++                    (no amulet)
HPRegen 0.26/turn                P - ring of poison resistance
MPRegen 0.10/turn                (no ring)

@: no status effects
A: small, no large weapons, nightstalker 3
a: no special abilities


You were on level 4 of the Dungeon.
You visited 1 branch of the dungeon, and saw 4 of its levels.

You collected 315 gold pieces.


Innate Abilities, Weirdness & Mutations

You are small and have problems with some larger weapons.
You are completely attuned to the shadows.


   Skills:
 - Level 2.1 Fighting
 - Level 8.0 Short Blades
 - Level 2.1 Throwing
 + Level 4.1 Dodging
 + Level 7.2 Stealth


You had 6 spell levels left.
You didn't know any spells.
Your spell library contained the following spells:

 Spells                   Type           Power      Damage    Failure   Level
 Foxfire                  Conj/Fire      0%         2x1d4     32%         1
 Fireball                 Conj/Fire      0%         3d3       100%        5
 Starburst                Conj/Fire      0%         6d3       100%        6

Inventory:

Hand Weapons
 a - a +5 spectral quick blade (weapon)
 m - a +2 dagger
Missiles
 d - 13 poisoned darts (quivered)
 e - 3 curare-tipped darts {=f}
Armour
 b - a +0 robe (worn)
 c - a +0 cloak (worn)
Magical Staves
 o - a staff of death {!a}
Jewellery
 h - the ring "Tiq Aqud" {*Slow rC+ Int+7 Dex-3 SInv}
   (You found it on level 3 of the Dungeon)

   [ring of protection from cold]

   Int:       It affects your intelligence (+7).
   Dex:       It affects your dexterity (-3).
   rC:        It protects you from cold.
   SInv:      It lets you see invisible.
   *Slow:     It may slow you when you take damage.
 C - a ring of protection from cold
 P - a ring of poison resistance (left hand)
Wands
 k - a wand of polymorph (8)
 q - a wand of flame (35)
Scrolls
 j - a scroll of amnesia {unknown}
 r - a scroll of teleportation {@r2}
 s - a scroll of poison
Potions
 f - 2 potions of berserk rage {unknown}
 g - 2 potions of mutation
 i - a potion of magic {unknown}
 l - 2 potions of curing {unknown}
 n - a potion of degeneration {unknown}
 p - a potion of might {unknown}

Dungeon Overview and Level Annotations

Branches:
Dungeon (4/15)
 Temple: D:4-7

Altars:

Annotations:
D:4 1 runed translucent door, Pikel

?.K5..... ..5.....#
....5...# #.. ##K.... #
#.# ##5.#.## ..##.#
#55## # #..>†# # #5##
######.>### #K#
#.....#.... #@#
........... #####.###.
...........
......................
......................
......................
....|................)
......................
#######...(...........
#########....⌠.....##...


You could see Pikel and 4 lemures.


Message History

You hit Pikel.
Pikel is moderately wounded.
Pikel hits you with a +2 whip of freezing!
* * * LOW HITPOINT WARNING * * *
Pikel freezes you.
* * * LOW HITPOINT WARNING * * *
You closely miss Pikel.
Pikel is moderately wounded.
You closely miss Pikel.
Pikel is moderately wounded.
You completely miss Pikel.
Pikel is moderately wounded.
Pikel closely misses you.
You hit Pikel.
Pikel is heavily wounded.
You closely miss Pikel.
Pikel is heavily wounded.
You closely miss Pikel.
Pikel is heavily wounded.
Pikel closely misses you.
You barely miss Pikel.
Pikel is heavily wounded.
You puncture Pikel!
Pikel is heavily wounded.
You hit Pikel.
Pikel is heavily wounded.
You hit Pikel.
Pikel is severely wounded.
Pikel hits you with a +2 whip of freezing!
You die...

Skill      XL: |  1  2  3  4  5  6  7 |
---------------+----------------------+-----
Short Blades   | 4 5 6 7 8 |  8.0
Dodging        | 3 4 |  4.1
Stealth        | 6 7 |  7.2
Fighting       | |  2.1
Throwing       | |  2.1

Action                     |  1- 3 |  4- 6 |  7- 9 || total
---------------------------+-------+-------+-------++-------
  Melee: Dagger            |    61 |    11 |       ||    72
         Punch             |     1 |     1 |     1 ||     3
         Quick blade       |       |    94 |    75 ||   169
    Use: Scroll            |       |     6 |     1 ||     7
   Stab: Sleeping          |    13 |    35 |     5 ||    53
         Distracted        |       |     1 |       ||     1
 Armour: Robe              |     8 |     3 |     3 ||    14
  Dodge: Dodged            |    26 |    18 |    21 ||    65

Levels and vault maps discovered:
D:1:      kennysheep_arrival_seaside, layout_basic, minmay_gold_behind_fungi,
          wander_ebering_terrifying_dragon_lair
D:2:      layout_rooms, nicolae_ecumenical_snake_handling, uniq_jessica
D:3:      layout_basic, nicolae_elevator_lobby_asterisk, uniq_crazy_yiuf_cottage
D:4:      layout_rooms, ebering_ghost_sewer_d, dreamdust_wishing_well,
          uniq_pikel, uniq_ijyb

Notes
Turn   | Place    | Note
-------+----------+-------------------------------------------
     0 | D:1      | demibob the Kobold Brigand began the quest for the Orb.
     0 | D:1      | Reached XP level 1. HP: 12/12 MP: 1/1
    46 | D:1      | Reached skill level 3 in Short Blades
    89 | D:1      | You fall into a shaft and drop 1 floor!
   128 | D:2      | Reached skill level 4 in Short Blades
   128 | D:2      | Reached XP level 2. HP: 17/17 MP: 2/2
   155 | D:2      | Reached XP level 3. HP: 21/21 MP: 3/3
   227 | D:2      | Reached skill level 5 in Short Blades
   313 | D:2      | Noticed Jessica
   317 | D:2      | Killed Jessica
   318 | D:2      | Reached XP level 4. HP: 26/26 MP: 4/4
   371 | D:2      | Reached skill level 6 in Short Blades
   638 | D:1      | Identified a scroll of acquirement
   638 | D:1      | Acquired a +5 quick blade of venom
  1073 | D:1      | Reached XP level 5. HP: 30/30 MP: 5/5
  1616 | D:2      | Found a faded altar of an unknown god.
  1787 | D:3      | Identified the ring "Tiq Aqud" {*Slow rC+ Int+7 Dex-3 SInv}
  1935 | D:3      | Reached skill level 7 in Short Blades
  2355 | D:3      | Found a runed translucent door.
  2358 | D:3      | Noticed Crazy Yiuf
  2370 | D:3      | Killed Crazy Yiuf
  2471 | D:4      | Reached XP level 6. HP: 27/35 MP: 6/6
  2524 | D:4      | Reached skill level 8 in Short Blades
  2552 | D:4      | Noticed a black bear
  2556 | D:4      | Killed a black bear
  2557 | D:4      | Reached skill level 2 in Dodging
  2557 | D:4      | Reached skill level 6 in Stealth
  2558 | D:4      | Found a runed translucent door.
  2580 | D:4      | Reached skill level 3 in Dodging
  2580 | D:4      | Reached XP level 7. HP: 40/40 MP: 7/7
  2769 | D:4      | Noticed Ijyb
  2785 | D:4      | Killed Ijyb
  2786 | D:4      | Reached skill level 7 in Stealth
  2787 | D:4      | HP: 4/40 [hound (3)]
  2794 | D:4      | Reached skill level 4 in Dodging
  2981 | D:4      | Noticed Pikel
  3018 | D:4      | Slain by Pikel

Vanquished Creatures
  A black bear (D:4)
  2 hounds (D:4)
  Crazy Yiuf (D:3)
  3 orc priests (D:4)
  Jessica (D:2)
  2 orc wizards (D:4)
  Ijyb (D:4)
  8 adders
  2 worms
  5 dart slugs
  5 orcs (D:4)
  6 endoplasms
  5 giant cockroaches
  5 goblins
  9 hobgoblins
  4 quokkas
  4 ball pythons
  4 bats
  4 frilled lizards
  4 kobolds
  9 rats
85 creatures vanquished.

Vanquished Creatures (others)
  A fungus (D:3)
  3 toadstools (D:1)
4 creatures vanquished.

Grand Total: 89 creatures vanquished

Table legend: (Time is in decaauts)
 A = Elapsed time spent in this place.
 B = Non-inter-level travel time spent in this place.
 C = Inter-level travel time spent in this place.
 D = Time resting spent in this place.
 E = Time spent auto-exploring this place.
 F = Levels seen in this place.
 G = Mean time per level.
                   A        B        C        D        E       F      G
               +--------+--------+--------+--------+--------+-----+--------+
         Total |   2886 |   2763 |    123 |     55 |   2262 |   4 |  721.5 |
       Dungeon |   2886 |   2763 |    123 |     55 |   2262 |   4 |  721.5 |
               +--------+--------+--------+--------+--------+-----+--------+

Top non-repeatable levels by time:
     D:1: 1204 daAuts
     D:3: 673 daAuts
     D:2: 519 daAuts
     D:4: 488 daAuts

Table legend:
 A = Non-vault XP
 B = Vault XP
 C = Vault XP percentage of total XP
 D = Non-vault monster count
 E = Vault monster count
 F = Vault count percentage of total count
                 A         B        C        D         E       F
            +---------+---------+-------+---------+---------+-------
      Total |     626 |     142 |  18.5 |      79 |       6 |   7.1
            +---------+---------+-------+---------+---------+-------
        D:1 |      37 |       1 |   2.6 |      21 |       1 |   4.5
        D:2 |      83 |      64 |  43.5 |      20 |       3 |  13.0
        D:3 |      41 |      41 |  50.0 |      15 |       1 |   6.2
        D:4 |     465 |      36 |   7.2 |      23 |       1 |   4.2
            +---------+---------+-------+---------+---------+-------
